 Dungeon Crawl Stone Soup version 0.22-a0-608-g8a62e23 (webtiles) character file.

39 Hebeh the Firebug (level 3, -4/20 HPs)
             Began as a Deep Elf Fire Elementalist on July 9, 2018.
             Slain by Sigmund
             ... wielding a +3 vampiric scythe
              (10 damage)
             ... on level 2 of the Dungeon.
             The game lasted 00:08:22 (950 turns).

Hebeh the Firebug (Deep Elf Fire Elementalist)       Turns: 950, Time: 00:08:23

Health: -4/20      AC:  3    Str:  6    XL:     3   Next: 26%
Magic:  3/10       EV: 13    Int: 19    God:
Gold:   30         SH:  5    Dex: 15    Spells: 3/9 levels left

rFire    . . .     SeeInvis .   b - +0 hunting sling
rCold    . . .     Gourm    .   (no shield)
rNeg     . . .     Faith    .   d - +0 robe
rPois    .         Spirit   .   (no helmet)
rElec    .         Reflect  +   (no cloak)
rCorr    .         Harm     .   (no gloves)
MR       .....                  e - +0 pair of boots
Stlth    ++........             j - +5 amulet of reflection
HPRegen  0.06/turn              (no ring)
MPRegen  0.12/turn              (no ring)

@: very slightly contaminated
A: no striking features
a: no special abilities


You were on level 2 of the Dungeon.
You were not hungry.

You visited 1 branch of the dungeon, and saw 2 of its levels.

You collected 30 gold pieces.

Inventory:

Hand Weapons
 a - a +0 whip
 b - a +0 hunting sling (weapon)
Missiles
 g - 38 stones (quivered)
 k - 4 tomahawks
Armour
 d - a +0 robe (worn)
 e - a +0 pair of boots (worn)
Jewellery
 j - a +5 amulet of reflection (around neck)
Scrolls
 h - a scroll of amnesia {unknown}
 l - a scroll of random uselessness {unknown}
 m - a scroll of remove curse {unknown}
 n - 3 scrolls of teleportation {unknown}
Potions
 i - a potion of heal wounds {unknown}
 o - a potion of haste {unknown}
 p - a potion of magic {unknown}
Comestibles
 c - a ration
 f - 4 chunks of flesh


   Skills:
 + Level 0.5 Fighting
 - Level 2.4 Dodging
 - Level 2.4 Stealth
 * Level 3.6 Spellcasting
 * Level 2.1 Conjurations
 * Level 3.8 Fire Magic


You had 3 spell levels left.
You knew the following spells:

 Your Spells              Type           Power        Failure   Level  Hunger
a - Flame Tongue          Conj/Fire      ##...        4%          1    None
b - Throw Flame           Conj/Fire      ##....       6%          2    ##.....
c - Conjure Flame         Conj/Fire      ##......     12%         3    ###....

Your spell library contained the following spells:

 Spells                   Type           Power        Failure   Level  Hunger
 Fireball                 Conj/Fire      ##........   75%         5    ######.
 Sticky Flame             Conj/Fire      ##......     38%         4    ####...
 Inner Flame              Hex/Fire       ##......     19%         3    ###....


Dungeon Overview and Level Annotations

Branches:
Dungeon (2/15)

Altars:

Annotations:
D:2 Sigmund


Message History

You are too confused!
You are too confused!
You are too confused!
You are too confused!
Sigmund misses you.
You see here a club.
You're too confused to move!
You're too confused to cast spells.
Sigmund hits you but does no damage.
You bump into the rock wall.
Sigmund hits you from afar with a vampiric scythe!
Ouch! That really hurt!
* * * LOW HITPOINT WARNING * * *
You see here a club.
You're too confused to cast spells.
You're too confused to cast spells.
You feel less confused.
Sigmund hits you from afar with a vampiric scythe!
Ouch! That really hurt!
You die...

####...#### ##
####.........####
.
.................
####.........### #
####....### #
#......## #
#...##..#####.
########
#..###........
#......#
#.....@.#####.
..####.# #.<...)##
..# #.# ##...@.#
#.####.#####.###.#
#.........).)# #(#
#.####.####### #(#
#.####.# #.#
..##...## #.#
#.#.....# #.#


You could see Sigmund.

Vanquished Creatures
  2 oozes (D:2)
  A dart slug (D:1)
  A leopard gecko (D:1)
  2 giant cockroaches
  5 goblins
  3 hobgoblins
  2 jackals (D:2)
  3 bats (D:1)
  2 frilled lizards (D:1)
  2 kobolds (D:1)
  3 rats (D:1)
26 creatures vanquished.

Notes
Turn   | Place    | Note
-------+----------+-------------------------------------------
     0 | D:1      | Hebeh the Deep Elf Fire Elementalist began the quest for the Orb.
     0 | D:1      | Reached XP level 1. HP: 10/10 MP: 6/6
   290 | D:1      | Reached XP level 2. HP: 15/15 MP: 5/8
   740 | D:2      | Reached XP level 3. HP: 18/20 MP: 7/10
   791 | D:2      | Learned a level 2 spell: Throw Flame
   795 | D:2      | Learned a level 3 spell: Conjure Flame
   926 | D:2      | Noticed Sigmund
   950 | D:2      | Slain by Sigmund

Vault maps used:
D:1:      mainiacjoe_arrival_reflecting_pool, serial_bayou_pond_b
D:2:      chequers_ecumenical_altar_simple_redux, mrwooster_statue_mirror,
          grunt_ministairs_7, st_stairs_10, uniq_sigmund

Skill      XL: |  1  2 |
---------------+-------+-----
Conjurations   | 2 |  2.1
Fighting       | |  0.5
Dodging        | |  2.4
Stealth        | |  2.4
Spellcasting   | |  3.6
Fire Magic     | |  3.8

Action                   || total
-------------------------++-------
 Fire: Hunting sling     ||    13
Throw: Stone             ||    18
       Tomahawk          ||    23
 Cast: Flame Tongue      ||    34
       Throw Flame       ||     2
  Use: Scroll            ||     1
Armor: Robe              ||     2
Dodge: Dodged            ||    14
Block: Other             ||     1
       Reflection        ||     1

Table legend:
 A = Spawn XP
 B = Non-spawn XP
 C = Spawn XP percentage of total XP
 D = Spawn monster count
 E = Non-spawn monster count
 F = Spawn count percentage of total count
 G = Total turns spent on level
                    A         B        C        D         E        F      G
               +---------+---------+-------+---------+---------+-------+---------
         Total |       0 |      56 |   0.0 |       0 |      26 |   0.0 |   950
               +---------+---------+-------+---------+---------+-------+---------
           D:1 |       0 |      30 |   0.0 |       0 |      18 |   0.0 |   679
           D:2 |       0 |      26 |   0.0 |       0 |       8 |   0.0 |   271
               +---------+---------+-------+---------+---------+-------+---------
